 Dungeon Crawl Stone Soup version 0.19-a0-1007-g133f65f (webtiles) character file.

22 mistymad the Skirmisher (level 2, 0/26 HPs)
             Began as a Ghoul Monk on July 21, 2016.
             Slain by a hobgoblin
             ... wielding a cursed -1 club
              (6 damage)
             ... on level 1 of the Dungeon.
             The game lasted 00:00:46 (324 turns).

mistymad the Skirmisher (Ghoul Monk)                 Turns: 324, Time: 00:00:47

Health: 0/26       AC:  2    Str: 14    XL:     2   Next: 91%
Magic:  1/1        EV: 13    Int:  5    God:
Gold:   45         SH:  0    Dex: 11    Spells: 0 memorised, 1 level left

rFire  . . .     SeeInvis .     a - +0 falchion
rCold  + . .     Gourm    .     b - +0 robe
rNeg   + + +     Faith    .     (no shield)
rPois  ∞         Spirit   .     (no helmet)
rElec  .         Dismiss  .     (no cloak)
rCorr  .         Reflect  .     (no gloves)
SustAt .         Harm     .     (no boots)
MR     .....                    (no amulet)
Stlth  ++........               (no ring)
                                (no ring)

@: rotting, not resistant to hostile enchantments, unstealthy
A: rotting body, claws 1, carnivore 3, cold resistance 1, negative energy
resistance 3, slow regeneration 1, torment resistance, unbreathing
a: no special abilities


You were on level 1 of the Dungeon.
You were not hungry.

You visited 1 branch of the dungeon, and saw 1 of its levels.

You collected 45 gold pieces.

Inventory:

Hand Weapons
 a - a +0 falchion (weapon)
Armour
 b - a +0 robe (worn)
Scrolls
 e - a scroll of enchant armour {unknown}
 f - a scroll of identify {unknown}
Potions
 g - a potion of curing {unknown}
Comestibles
 c - a meat ration
 d - 6 chunks of flesh


   Skills:
 + Level 3.4 Fighting
 + Level 3.0 Long Blades
 + Level 1.0 Armour
 + Level 3.0 Dodging
 - Level 2.1 Stealth


You had one spell level left.
You didn't know any spells.

Dungeon Overview and Level Annotations

Branches:
Dungeon (1/15)

Altars:


Innate Abilities, Weirdness & Mutations

Your body is rotting away.
You thrive on raw meat.
You are immune to poison.
You have sharp fingernails.
You are carnivorous and can eat meat at any time.
Your flesh is cold resistant. (rC+)
You are immune to negative energy. (rN+++)
You regenerate slowly when monsters are visible.
You are immune to unholy pain and torment.
You can survive without breathing.


Message History

The kobold is moderately wounded.
The kobold hits you with a short sword. The hobgoblin hits you with a club.
You take 6 damage, and have 10/26 hp.
MASSIVE DAMAGE!!
You closely miss the kobold.
The kobold is moderately wounded.
The kobold hits you with a short sword.
The hobgoblin hits you but does no damage.
The kobold hits you with a short sword.
* * * LOW HITPOINT WARNING * * *
You take 4 damage, and have 6/26 hp.
The kobold closely misses you.
You riposte.
You hit the kobold but do no damage.
The kobold is moderately wounded.
You see here a stone.
You see here a stone.
You hit the kobold.
You kill the kobold!
The hobgoblin closely misses you.
You hit the hobgoblin but do no damage. The hobgoblin hits you with a club.
You die...

.......... #....#. .........# #.
+....#. .........# #.# #....#.
......)..# #.# ##....#.
.......(.# #.# #.....#.
#........# #.# #.....#.
.......(## #.# #.....#. ...
..#####g# #.###.....#. #.# # #@#
#.........#. #.# #.####.#
#.########## #.# #.#.(#.# #.# #.#
######.#..#.# #.# ..#
.........#'### #.#
..#####............# #.#
..'..##............###'##
..##.##.................#########
####.##..........................


You could see a hobgoblin.

Vanquished Creatures
  An ooze (D:1)
  3 hobgoblins (D:1)
  3 jackals (D:1)
  A giant newt (D:1)
  A goblin (D:1)
  6 kobolds (D:1)
  3 rats (D:1)
18 creatures vanquished.

Notes
Turn   | Place    | Note
-------+----------+-------------------------------------------
     0 | D:1      | mistymad the Ghoul Monk began the quest for the Orb.
     0 | D:1      | Reached XP level 1. HP: 19/19 MP: 0/0
    62 | D:1      | Reached XP level 2. HP: 25/26 MP: 1/1
   314 | D:1      | Reached skill level 1 in Armour
   324 | D:1      | Slain by a hobgoblin

Vault maps used:
D:1:      lemuel_arrival_broad_hall, kennysheep_small_spiral,
          minmay_rat_gold_closets

Skill      XL: |  1  2 |
---------------+-------+-----
Dodging        | 3 |  3.0
Long Blades    | 3 |  3.0
Armour         | 1 |  1.0
Fighting       | |  3.4
Stealth        | |  2.1

Action                   || total
-------------------------++-------
Melee: Falchion          ||    70
 Stab: Sleeping          ||     2
  Eat: Chunk             ||     3
Armor: Robe              ||     8
Dodge: Dodged            ||    49
